 Dungeon Crawl Stone Soup version 0.31-a0-845-g9abc20d24f (webtiles) character file.

Game seed: 15772546561105484552

50 Nedwor the Slasher (level 3, 0/28 HPs)
             Began as a Merfolk Gladiator on Oct 2, 2023.
             Slain by a hobgoblin (4 damage)
             ... led by Robin
             ... on level 2 of the Dungeon.
             The game lasted 00:01:59 (1155 turns).

Nedwor the Slasher (Merfolk Gladiator)              Turns: 1155, Time: 00:01:59

Health: 0/28       AC:  4    Str: 14    XL:     3   Next: 79%
Magic:  3/3        EV: 14    Int:  7    God:
Gold:   69         SH:  0    Dex: 17    Spells: 2/2 levels left

rFire   . . .        a - +0 long sword
rCold   . . .        (no shield)
rNeg    . . .        b - +0 leather armour
rPois   .            c - +0 helmet
rElec   .            (no cloak)
rCorr   .            (no gloves)
SInv    .            (no boots)
Will    .....        (no amulet)
Stlth   +            (no ring)
HPRegen 0.24/turn    (no ring)
MPRegen 0.08/turn

%: no passive effects
@: no status effects
A: (nimble swimmer 2), mertail
a: no special abilities


You were on level 2 of the Dungeon.
You visited 1 branch of the dungeon, and saw 2 of its levels.

You collected 69 gold pieces.

Inventory:

Hand Weapons
 a - a +0 long sword (weapon)
Missiles
 d - 3 throwing nets (quivered)
 e - a javelin
Armour
 b - a +0 leather armour (worn)
 c - a +0 helmet (worn)
Scrolls
 h - a scroll of teleportation {unknown}
 i - a scroll of vulnerability {unknown}
 j - a scroll of torment {unknown}
Potions
 f - a potion of curing {unknown}
 g - a potion of cancellation {unknown}
 k - a potion of lignification {unknown}


   Skills:
 + Level 2.9 Fighting
 * Level 4.7 Long Blades
 - Level 2.0 Throwing
 + Level 4.6 Dodging


You had 2 spell levels left.
You didn't know any spells.
Your spell library was empty.

Dungeon Overview and Level Annotations

Branches:
Dungeon (2/15)

Altars:

Shops:
D:1 [

Annotations:
D:2 Robin


Innate Abilities, Weirdness & Mutations

((You are very nimble when in or above water. (Stealth+, EV+, Speed+++)))
Your lower body shifts to a powerful aquatic tail in water.


Message History

You miss the goblin. The hobgoblin hits you.
Robin says, "Kneel, worm!"
Robin roars a battlecry!
The goblin goes into a battle-frenzy!
The goblin hits you but does no damage.
You closely miss the goblin. The hobgoblin hits you.
The goblin hits you with a +0 club.
You hit the goblin but do no damage.
The goblin no longer looks unusually strong.
The hobgoblin completely misses you.
A hobgoblin comes into view.
The goblin hits you with a +0 club.
Robin roars a battlecry!
You barely miss the goblin.
The hobgoblin no longer looks unusually strong.
The hobgoblin barely misses you. The goblin barely misses you.
The hobgoblin hits you. The goblin closely misses you.
You barely miss the goblin. The hobgoblin closely misses you.
The goblin completely misses you.
Robin roars a battlecry!
The hobgoblins go into a battle-frenzy!
You hit the goblin but do no damage. The hobgoblin misses you.
The goblin hits you with a +0 club.
* * * LOW HITPOINT WARNING * * *
You barely miss the goblin.
The goblin no longer looks unusually strong.
The hobgoblin closely misses you. The goblin misses you.
Robin roars a battlecry!
The goblin goes into a battle-frenzy!
You closely miss the goblin.
The hobgoblin hits you but does no damage.
The goblin hits you but does no damage.
You slash the goblin!
You kill the goblin!
The hobgoblin closely misses you. x2; The hobgoblin hits you.
* * * LOW HITPOINT WARNING * * *
You slash the hobgoblin!
You kill the hobgoblin!
The hobgoblin hits you.
You die...

#.###...#####.. $##
#.......# ##.####....
###..####.# #.....g....
#....#########....g.....
#.##........##.......#
#.. #.######.(#.g.....#
#.. #....#gg..ggg######
#.. ####.#g##.########
##. #.#@##.........
##.#)###.)......
#......#......##
#......#......#
#.............#
#........###.##
#......### .# #......# #
#..)...#


You could see Robin, a hobgoblin (strong) and a goblin (strong).

Vanquished Creatures
  A dart slug (D:1)
  3 ball pythons (D:1)
  4 endoplasms (D:1)
  10 goblins
  5 hobgoblins
  7 jackals
  3 quokkas (D:1)
  4 frilled lizards
  2 kobolds
  3 rats (D:1)
42 creatures vanquished.

Notes
Turn   | Place    | Note
-------+----------+-------------------------------------------
     0 | D:1      | Nedwor the Merfolk Gladiator began the quest for the Orb.
     0 | D:1      | Reached XP level 1. HP: 16/16 MP: 1/1
    30 | D:1      | Reached XP level 2. HP: 14/23 MP: 2/2
   357 | D:1      | Reached XP level 3. HP: 28/28 MP: 3/3
   842 | D:1      | Found Uqoir's Antique Armour Shoppe.
  1116 | D:2      | Noticed Robin
  1155 | D:2      | Slain by a hobgoblin

Illustrated notes

Levels and vault maps discovered:
D:1:      lemuel_arrival_cross, layout_basic, serial_shops,
          nicolae_shop_window_shopping
D:2:      layout_basic, minmay_tromino_i4, uniq_crazy_yiuf_cottage, uniq_robin

Skill      XL: |  1  2 |
---------------+-------+-----
Long Blades    | 4 |  4.7
Fighting       | |  2.9
Throwing       | |  2.0
Dodging        | |  4.6

Action                     || total
---------------------------++-------
  Melee: Long sword        ||   129
         Punch             ||     1
   Stab: Sleeping          ||     4
 Armour: Leather armour    ||    77
  Dodge: Dodged            ||   107

Table legend: (Time is in decaauts)
 A = Elapsed time spent in this place.
 B = Non-inter-level travel time spent in this place.
 C = Inter-level travel time spent in this place.
 D = Time resting spent in this place.
 E = Time spent auto-exploring this place.
 F = Levels seen in this place.
 G = Mean time per level.
                   A        B        C        D        E       F      G
               +--------+--------+--------+--------+--------+-----+--------+
         Total |   1178 |   1168 |     10 |      0 |    876 |   2 |  589.0 |
       Dungeon |   1178 |   1168 |     10 |      0 |    876 |   2 |  589.0 |
               +--------+--------+--------+--------+--------+-----+--------+

Top non-repeatable levels by time:
     D:1: 878 daAuts
     D:2: 299 daAuts
